 Dungeon Crawl Stone Soup version 0.26-a0-812-g31a745ddcd (webtiles) character file.

Game seed: 10309381550370591007

24551 MalarOregon the Thaumaturge (level 12, 0/100 HPs)
             Began as a Green Draconian Hedge Wizard on Nov 25, 2020.
             Was an Elder of Makhleb.
             Slain by a black mamba (13 damage)
             ... on level 2 of the Lair of Beasts.
             The game lasted 00:44:26 (23296 turns).

MalarOregon the Thaumaturge (DrWz)                 Turns: 23296, Time: 00:44:27

Health: 0/100      AC: 13    Str: 19    XL:     12   Next: 81%
Magic:  0/33       EV: 15    Int: 20    God:    Makhleb [****..]
Gold:   662        SH:  4    Dex: 10    Spells: 15/28 levels left

rFire    + . .     SeeInvis .   u - +3 flail of Charity {freeze, rF+}
rCold    . . .     Faith    .   a - +0 buckler
rNeg     . . .     Spirit   +   (armour unavailable)
rPois    +         Reflect  .   b - +1 hat
rElec    .         Harm     .   s - +0 cloak
rCorr    .         Rampage  .   P - +2 pair of gloves
MR       ++...                  (no boots)
Stlth    ++........             F - amulet of guardian spirit
HPRegen  0.26/turn              C - +6 ring of strength
MPRegen  0.23/turn              H - ring "Tali" {MR++ MP+9 Stlth-}

@: short of breath
A: breathe noxious fumes, unfitting armour, poison resistance, cold-blooded, AC
+8
a: Breathe Noxious Fumes, Minor Destruction, Lesser Servant of Makhleb, Major
Destruction, Renounce Religion


You were on level 2 of the Lair of Beasts.
You worshipped Makhleb.
Makhleb was greatly pleased with you.
You visited 3 branches of the dungeon, and saw 15 of its levels.
You also visited: Ossuary.

You collected 1344 gold pieces.
You spent 682 gold pieces at shops.

Inventory:

Hand Weapons
 u - the +3 flail of Charity (weapon) {freeze, rF+}
   (You found it on level 4 of the Dungeon)

   It has been specially enchanted to freeze those struck by it, causing extra
   injury to most foes and up to half again as much damage against particularly
   susceptible opponents.
   It can also slow down cold-blooded creatures.
   It protects you from fire.
Missiles
 M - 26 poisoned darts (quivered)
Armour
 a - a +0 buckler (worn)
   (You found it on level 6 of the Dungeon)
 b - a +1 hat (worn)
 s - a +0 cloak (worn)
   (You found it on level 2 of the Dungeon)
 y - a +0 tower shield
   (You found it on level 2 of the Lair of Beasts)
 P - a +2 pair of gloves (worn)
   (You found it on level 11 of the Dungeon)
Jewellery
 h - an uncursed ring of fire
   (You found it on level 2 of the Dungeon)
 C - a +6 ring of strength (left hand)
   (You found it on level 7 of the Dungeon)
 F - an amulet of guardian spirit (around neck)
   (You found it on level 7 of the Dungeon)
 H - the ring "Tali" (right hand) {MR++ MP+9 Stlth-}
   (You bought it in a shop on level 9 of the Dungeon)

   [ring of magical power]

   It affects your resistance to hostile enchantments.
   It affects your magic capacity (+9).
   It makes you less stealthy.
Wands
 c - a wand of disintegration (12)
   (You found it on level 11 of the Dungeon)
 e - a wand of polymorph (6)
   (You found it on level 1 of the Lair of Beasts)
 v - a wand of digging (4)
   (You found it on level 10 of the Dungeon)
Scrolls
 g - a scroll of blinking
 i - 5 scrolls of enchant weapon
 l - 5 scrolls of remove curse {@r2}
 p - 3 scrolls of fog
 r - 5 scrolls of teleportation {@r4}
 t - a scroll of immolation {!r}
 x - 7 scrolls of amnesia
 z - 2 scrolls of fear
 A - 2 scrolls of enchant armour
 B - 4 scrolls of magic mapping
 G - a scroll of holy word
 I - 2 scrolls of identify {@r1}
 K - a scroll of vulnerability {!r}
 O - a scroll of random uselessness {unknown}
Potions
 d - 4 potions of brilliance
 f - 6 potions of curing {@q1}
 j - 7 potions of heal wounds {@q2}
 k - 5 potions of haste {@q3}
 m - a potion of might
 n - 3 potions of ambrosia
 o - a potion of cancellation
 q - 4 potions of lignification {!q}
 w - 3 potions of attraction {!q}
 D - a potion of invisibility
 E - a potion of mutation {unknown}
 J - a potion of resistance
 L - a potion of magic
 N - 2 potions of berserk rage
Miscellaneous
 Q - a lightning rod (4/4) {!a}
   (You found it on level 11 of the Dungeon)


   Skills:
 + Level 7.5 Fighting
 * Level 8.8 Maces & Flails
 + Level 7.3 Dodging
 - Level 5.7 Stealth
 - Level 4.0 Shields
 + Level 8.8 Spellcasting
 - Level 4.0 Conjurations
 - Level 4.0 Summonings
   Level 1.0 Translocations
 - Level 4.0 Ice Magic
 + Level 6.1 Air Magic
 - Level 6.0 Poison Magic
 + Level 6.8 Invocations
 - Level 4.0 Evocations


You had 15 spell levels left.
You knew the following spells:

 Your Spells              Type           Power        Failure   Level
a - Airstrike             Air            ####......   6%          4
d - Summon Ice Beast      Ice/Summ       ###.....     16%         4
f - Mephitic Cloud        Conj/Pois/Air  ####....     2%          3
x - Call Imp              Summ           ###.....     2%          2

Your spell library contained the following spells:

 Spells                   Type           Power        Failure   Level
 Freeze                   Ice            ###.         1%          1
 Magic Dart               Conj           ###.         1%          1
 Shock                    Conj/Air       ####         1%          1
 Swiftness                Air            ####....     1%          2
 Static Discharge         Conj/Air       ####....     3%          3
 Frozen Ramparts          Ice            ###...       4%          3
 Ozocubu's Armour         Ice            ###.....     4%          3
 Blink                    Tloc           N/A          8%          2
 Conjure Flame            Conj/Fire      ###.....     11%         3
 Slow                     Hex            #.......     12%         2
 Hailstorm                Conj/Ice       ###.....     16%         4
 Lightning Bolt           Conj/Air       ####......   26%         5
 Silence                  Hex/Air        ###.......   52%         5
 Animate Dead             Necr           #.........   61%         4
 Cause Fear               Hex            #.........   61%         4
 Borgnjor's Vile Clutch   Necr/Erth      #.........   91%         5
 Yara's Violent Unravell  Hex/Tmut       #.........   91%         5
 Simulacrum               Ice/Necr       ###.......   99%         6
 Death Channel            Necr           #.........   100%        6
 Discord                  Hex            #.........   100%        8


Dungeon Overview and Level Annotations

Branches:
Dungeon (11/15)            Temple (1/1) D:5            Lair (3/6) D:11
  Swamp (0/4) Lair:2      Ossuary (visited)
 Shoals: Lair:2-4     Snake: Lair:2-4    Spider: Lair:2-4       Orc: D:9-12

Altars:
Ashenzari
Cheibriados
Dithmenos
Elyvilon
Fedhas
Gozag
Hepliaklqana
Kikubaaqudgha
Makhleb
Nemelex Xobeh
Okawaru
Qazlal
Ru
Sif Muna
Trog
Uskayaw
Vehumet
Wu Jian
Xom
Yredelemnul
Zin
The Shining One

Shops:
D:9 *


Innate Abilities, Weirdness & Mutations

You can breathe blasts of noxious fumes.
Your lurid green scales are hard. (AC +8)
You cannot fit into any form of body armour.
Your system is resistant to poisons. (rPois)
You are cold-blooded and may be slowed by cold attacks.


Message History

The black mamba is no longer moving slowly.
You block the wolf's attack. The black mamba bites you!
* * * LOW HITPOINT WARNING * * *
The wolf bites you but does no damage.
You closely miss the black mamba.
You tail-slap the black mamba, but do no damage.
The black mamba bites you but does no damage.
You block the wolf's attack. The black mamba completely misses you.
Unknown command.
You hit the black mamba. You freeze the black mamba.
Your tail-slap misses the black mamba.
You block the wolf's attack. The black mamba closely misses you.
The wolf bites you but does no damage. The black mamba bites you.
* * * LOW HITPOINT WARNING * * *
You hit the black mamba but do no damage.
The wolf misses you. The black mamba bites you!
* * * LOW HITPOINT WARNING * * *
You are poisoned.
The black mamba poisons you!
Aim: a bullfrog You exhale a blast of noxious fumes.
The blast of choking fumes hits the black mamba.
The black mamba completely resists.
The blast of choking fumes hits the bullfrog!
The sentinel's mark upon you fades away.
You feel sick. The wolf misses you. The black mamba bites you!
* * * LOW HITPOINT WARNING * * *
The bullfrog is engulfed in noxious fumes.
The bullfrog appears confused.
The bullfrog hits the black mamba.
The bullfrog hits itself.
The wolf closely misses you. You block the black mamba's attack.
Unknown command.
You feel better. The wolf closely misses you. The black mamba bites you!
* * * LOW HITPOINT WARNING * * *
The bullfrog is engulfed in noxious fumes.
The wolf bites you.
* * * LOW HITPOINT WARNING * * *
The black mamba bites you but does no damage.
Unknown command.
You miss the black mamba.
Your tail-slap misses the black mamba.
You block the wolf's attack. The black mamba bites you.
* * * LOW HITPOINT WARNING * * *
The bullfrog is engulfed in noxious fumes.
The bullfrog appears confused.
The wolf barely misses you. The black mamba barely misses you.
Aim: a black mamba (noxious fumes, heavily wounded, chance to defeat MR: 80%)
The black mamba is blasted!!
The bullfrog is engulfed in noxious fumes.
The black mamba bites you!!
You die...

#P#.......[.......#..##
...####.........#.#...####
##..# #..P#.....##.##..#.#
#### ##.##############<.#
##### ##.# # ######.#.###
###
###..##...#..###########
.>............Fh..##P#.#
........[.°○○○°S@....<.#
.###♣#♣.#..##.###..(..P#
## ♣♣♣♣♣##### ########
##♣♣♣♣≈♣♣♣# ..♣§§§§§♣.♣
### ..♣♣§§§§..# ##.###
.♣♣≈§≈≈≈♣.######....##
#♣♣♣♣♣♣♣♣..##.#..P#..## #
♣♣♣...##...#####.#


You could see a black mamba, a wolf and a bullfrog (confused).

Vanquished Creatures
  2 hydras
  2 two-headed ogres
  An unseen horror (D:11)
  An ugly thing (D:11)
  A manticore (D:8)
  A black mamba (Lair:2)
  2 torpor snails
  7 cane toads
  2 komodo dragons
  A kobold demonologist (D:11)
  3 trolls
  2 polar bears (Lair:2)
  4 blink frogs
  3 tyrant leeches (Lair:2)
  2 dream sheep (Lair:2)
  A vampire (D:11)
  3 wyverns
  45 yaks
  2 basilisks
  A wraith (D:11)
  A steam dragon (D:5)
  2 swamp worms (Lair:2)
  A soldier ant (D:11)
  7 water moccasins
  2 floating eyes (D:11)
  5 orc warriors
  4 sky beasts
  An ice beast (D:6)
  A phantom (D:9)
  4 black bears
  6 wolves
  3 necrophages
  3 ogres
  A centaur (D:5)
  A big kobold (D:11)
  8 bullfrogs
  A gnoll sergeant (D:6)
  A wyvern zombie (D:11)
  3 scorpions
  A killer bee (D:11)
  7 wights
  6 electric eels
  2 howler monkeys
  A centaur zombie (D:5)
  3 bullfrog skeletons
  2 jellies (D:5)
  5 orc priests
  2 centaur skeletons
  6 hounds
  5 orc wizards
  An iguana (D:10)
  12 worker ants
  A killer bee zombie (D:10)
  A big kobold zombie (Ossuary)
  A hound skeleton (D:11)
  A mummy (Ossuary)
  2 worker ant zombies (D:6)
  4 gnolls (D:6)
  A howler monkey skeleton (D:4)
  13 adders
  A river rat (D:8)
  2 shadow imps
  A white imp (D:9)
  3 ufetubi
  4 adder skeletons
  3 worms
  2 dart slugs (D:1)
  2 leopard geckos
  39 orcs
  6 bats
  4 giant cockroaches
  2 gnoll zombies (Ossuary)
  4 goblins
  6 hobgoblins
  4 jackals (D:4)
  5 kobolds
  3 quokkas
  10 ball pythons
  4 frilled lizards
  2 goblin zombies (Ossuary)
  A hobgoblin zombie (Ossuary)
  An orc zombie (Ossuary)
  A quokka skeleton (D:5)
  6 rats
334 creatures vanquished.

Vanquished Creatures (collateral kills)
  Gastronok (Lair:1)
  A vampire (D:9)
  Eustachio (D:5)
  An ogre (D:4)
  A wight (D:9)
  A human zombie (Ossuary)
  A hound (D:4)
  A big kobold zombie (Ossuary)
  A mummy (Ossuary)
  5 adders
  2 worms
  2 orcs
  A hobgoblin (D:3)
  A kobold (D:3)
  A bat (D:3)
  A frilled lizard (D:3)
  A gnoll zombie (Ossuary)
  3 goblin zombies (Ossuary)
  An orc zombie (Ossuary)
27 creatures vanquished.

Vanquished Creatures (others)
  An electric eel (D:8)
  18 fungi
  41 plants
60 creatures vanquished.

Grand Total: 421 creatures vanquished

Notes
Turn   | Place    | Note
-------+----------+-------------------------------------------
     0 | D:1      | MalarOregon the Draconian Hedge Wizard began the quest for
                  | the Orb.
     0 | D:1      | Reached XP level 1. HP: 14/14 MP: 4/4
   225 | D:1      | Reached XP level 2. HP: 4/20 MP: 3/6
   229 | D:1      | HP: 1/20 [kobold/+0 dagger (3)]
   274 | D:1      | HP: 1/20 [hobgoblin (2)]
   724 | D:1      | Learned a level 2 spell: Call Imp
  1362 | D:2      | Reached XP level 3. HP: 13/26 MP: 3/7
  1552 | D:2      | Found a faded altar of an unknown god.
  1657 | D:2      | Found a bloodstained altar of Trog.
  2688 | D:3      | Reached XP level 4. HP: 27/33 MP: 0/9
  3624 | D:3      | Found a broken altar of Ashenzari.
  3695 | D:3      | Reached XP level 5. HP: 32/38 MP: 5/11
  3900 | D:3      | Found a faded altar of an unknown god.
  3900 | D:3      | Found a hazy altar of Hepliaklqana.
  3906 | D:3      | Found a basalt altar of Yredelemnul.
  3908 | D:3      | Found an ornate altar of the Wu Jian Council.
  3910 | D:3      | Found a faded altar of an unknown god.
  4260 | D:4      | Got a fine flail
  4893 | D:4      | Reached XP level 6. HP: 18/45 MP: 9/13
  5122 | D:4      | Reached skill level 5 in Spellcasting
  5612 | D:4      | Identified the cursed +3 flail of Charity {freeze, rF+}
                  | (You found it on level 4 of the Dungeon)
  5634 | D:5      | Entered Level 5 of the Dungeon
  5656 | D:5      | Noticed Eustachio
  5712 | D:5      | Killed Eustachio
  5712 | D:5      | Reached skill level 1 in Fighting
  5715 | D:5      | Found a sand-covered staircase.
  5723 | Ossuary  | Entered an ossuary
  5911 | Ossuary  | Your scales start taking on a lurid green colour.
  5911 | Ossuary  | Reached XP level 7. HP: 16/52 MP: 10/15
  5911 | Ossuary  | Gained mutation: Your system is resistant to poisons.
                  | (rPois) [Green Draconian growth]
  6461 | D:5      | Noticed a steam dragon
  6477 | D:5      | Killed a steam dragon
  7148 | D:5      | Found a staircase to the Ecumenical Temple.
  7369 | D:5      | Reached XP level 8. HP: 45/62 MP: 17/17
  7959 | Temple   | Entered the Ecumenical Temple
  8107 | Temple   | Became a worshipper of Makhleb the Destroyer
  8132 | D:5      | Learned a level 3 spell: Mephitic Cloud
  8157 | D:6      | Found a white marble altar of Elyvilon.
  8164 | D:6      | Reached skill level 5 in Stealth
  8593 | D:6      | Reached skill level 1 in Maces & Flails
  8593 | D:6      | Reached skill level 1 in Poison Magic
  8756 | D:6      | Reached skill level 1 in Invocations
  8764 | D:6      | Reached skill level 1 in Air Magic
  8781 | D:6      | Reached skill level 1 in Evocations
  9401 | D:6      | Reached skill level 1 in Shields
  9995 | D:7      | Reached XP level 9. HP: 63/69 MP: 19/19
 10819 | D:8      | Found a hide-covered altar of Uskayaw.
 10841 | D:8      | Reached * piety under Makhleb
 10966 | D:8      | Reached skill level 5 in Dodging
 11127 | D:8      | Noticed a manticore
 11135 | D:8      | Killed a manticore
 11311 | D:8      | Noticed a two-headed ogre
 11332 | D:8      | Killed a two-headed ogre
 11467 | D:8      | Learned a level 4 spell: Airstrike
 11472 | D:8      | Learned a level 4 spell: Summon Ice Beast
 11931 | D:8      | Noticed a troll
 11960 | D:8      | Killed a troll
 12647 | D:9      | Found Resoloall's Assorted Antiques.
 12657 | D:9      | Bought a wand of polymorph (3) for 44 gold pieces
 12657 | D:9      | Bought a scroll labelled POZIABR HEDO for 22 gold pieces
 12657 | D:9      | Bought a scroll of teleportation for 66 gold pieces
 12657 | D:9      | Bought a scroll of teleportation for 66 gold pieces
 12657 | D:9      | Bought a potion of heal wounds for 110 gold pieces
 12657 | D:9      | Bought a scroll of magic mapping for 77 gold pieces
 12657 | D:9      | Bought a scroll labelled VOMUPUAZI for 22 gold pieces
 12657 | D:9      | Bought a scroll of enchant weapon for 165 gold pieces
 12657 | D:9      | Bought an ancient lead ring for 110 gold pieces
 12657 | D:9      | Identified the ring "Tali" {MR++ MP+9 Stlth-} (You bought
                  | it in a shop on level 9 of the Dungeon)
 13102 | D:9      | Reached XP level 10. HP: 72/78 MP: 20/20
 13478 | D:9      | Reached ** piety under Makhleb
 13499 | D:9      | Reached skill level 1 in Ice Magic
 13901 | D:9      | Reached skill level 5 in Fighting
 14665 | D:10     | Entered Level 10 of the Dungeon
 14669 | D:10     | Found a burning altar of Makhleb.
 14963 | D:9      | Reached skill level 5 in Maces & Flails
 16469 | D:11     | Noticed a white ugly thing
 16523 | D:11     | Noticed Psyche
 17321 | D:11     | HP: 3/81 [centaur warrior skeleton (2)]
 17508 | D:11     | Noticed Psyche
 17508 | D:11     | Psyche changed into Psyche the wolf
 17515 | D:11     | Killed Psyche the wolf
 17515 | D:11     | Reached XP level 11. HP: 50/88 MP: 22/22
 17554 | D:11     | Reached *** piety under Makhleb
 18130 | D:11     | Noticed a two-headed ogre
 18135 | D:11     | Killed a two-headed ogre
 18373 | D:11     | Killed a white ugly thing
 18601 | D:11     | Noticed a five-headed hydra
 18603 | D:11     | Paralysed by a floating eye for 2 turns
 18613 | D:11     | Killed a five-headed hydra
 18613 | D:11     | Reached skill level 5 in Poison Magic
 18642 | D:11     | Killed an unseen horror
 18647 | D:11     | Reached skill level 5 in Invocations
 19020 | D:11     | Found a staircase to the Lair.
 19184 | Lair:1   | Entered Level 1 of the Lair of Beasts
 19338 | D:11     | Reached **** piety under Makhleb
 19754 | Lair:1   | Reached XP level 12. HP: 76/96 MP: 19/24
 19955 | Lair:1   | Noticed Gastronok
 20047 | Lair:1   | Killed Gastronok
 20047 | Lair:1   | Reached skill level 5 in Air Magic
 21242 | Lair:2   | Noticed a four-headed hydra
 21253 | Lair:2   | Killed a four-headed hydra
 21720 | Lair:2   | Found a burning altar of Makhleb.
 22333 | Lair:2   | Found a staircase to the Swamp.
 23271 | Lair:3   | Noticed a seven-headed hydra
 23296 | Lair:2   | Slain by a black mamba

Illustrated notes

Levels and vault maps discovered:
D:1:      moated_graveyard_arrival, layout_basic
D:2:      layout_rooms, lemuel_round_altar, chequers_ecumenical_altar_grove,
          minmay_misc_feat_nine_boxes
D:3:      layout_loops_corners, chequers_temple_overflow_minitemple,
          cheibrodos_ashenzari_chains, minmay_snake_closets
D:4:      layout_basic, chequers_big_river
D:5:      layout_basic, minmay_temple_entry_glass, nicolae_ossuary_entry_ruins,
          minmay_circle_x, uniq_eustachio
D:6:      layout_basic, elyvilon_altar_1
D:7:      layout_gridville, supply_closet_lemuel
D:8:      cheibrodos_two_vegetables, layout_basic, old_standard_altar,
          serial_corexii_hall, corexii_hall_statues_s,
          chequers_hall_statues_corner_a
D:9:      layout_layer_cave, serial_shops, shop_statue, chequers_mini_garden,
          minivault_19
D:10:     layout_irregular_city, basic_altar, minmay_misc_feat_more_columns,
          serial_bayou_pond_d
D:11:     layout_basic, minmay_lair_entry_grove, onia_ninara_cookie, uniq_psyche
Temple:   nicolae_temple_elliptical
Lair:1:   layout_regular_city, infiniplex_staircase_pool, uniq_gastronok
Lair:2:   layout_layer_cave, minmay_swamp_entry_worms, basic_altar
Lair:3:   layout_regular_city, serial_bayou_shore_b, lemuel_fruit_tree

Skill      XL: |  1  2  3  4  5  6  7  8  9 10 11 12 |
---------------+-------------------------------------+-----
Stealth        | 2 3 4 5 |  5.7
Dodging        | 2 3 4 5 6 7 |  7.3
Spellcasting   | 4 5 6 7 8 |  8.8
Fighting       | 1 2 3 4 5 6 7 |  7.5
Maces & Flails | 2 4 5 7 8 |  8.8
Poison Magic   | 1 3 4 5 6 |  6.0
Invocations    | 1 3 4 5 6 |  6.8
Air Magic      | 1 2 3 4 6 |  6.1
Evocations     | 1 2 3 4 |  4.0
Shields        | 1 2 3 4 |  4.0
Ice Magic      | 2 3 4 |  4.0
Conjurations   | 2 4 |  4.0
Summonings     | 2 4 |  4.0
Translocations | |  1.0

Action                   |  1- 3 |  4- 6 |  7- 9 | 10-12 || total
-------------------------+-------+-------+-------+-------++-------
Melee: Dagger            |   143 |   191 |       |       ||   334
       Tailslap          |    17 |    18 |    32 |   119 ||   186
       Flail             |       |    34 |   384 |   821 ||  1239
Throw: Dart              |       |    16 |    14 |     9 ||    39
 Cast: Magic Dart        |    19 |       |       |       ||    19
       Call Imp          |     6 |    16 |    29 |    12 ||    63
       Mephitic Cloud    |       |       |     1 |    26 ||    27
       Airstrike         |       |       |       |    33 ||    33
       Summon Ice Beast  |       |       |       |     6 ||     6
 Abil: Breathe Noxious F |       |       |    14 |    38 ||    52
Evoke: Wand              |       |       |     5 |     5 ||    10
  Use: Scroll            |     6 |     6 |     5 |    17 ||    34
       Potion            |       |       |       |     5 ||     5
 Stab: Sleeping          |     6 |    10 |     6 |     4 ||    26
       Confused          |       |       |     7 |    33 ||    40
       Distracted        |       |       |       |     1 ||     1
Armor: Skin              |    56 |    77 |   136 |   298 ||   567
Dodge: Dodged            |   119 |   221 |   274 |   552 ||  1166
Block: Buckler           |       |       |    26 |   162 ||   188

Table legend: (Time is in decaauts)
 A = Elapsed time spent in this place.
 B = Non-inter-level travel time spent in this place.
 C = Inter-level travel time spent in this place.
 D = Time resting spent in this place.
 E = Time spent auto-exploring this place.
 F = Levels seen in this place.
 G = Mean time per level.
                   A        B        C        D        E       F      G
               +--------+--------+--------+--------+--------+-----+--------+
         Total |  23625 |  22926 |    699 |   5581 |  13313 |  16 | 1476.6 |
       Dungeon |  18919 |  18277 |    642 |   4671 |  10528 |  11 | 1719.9 |
        Temple |    166 |    133 |     33 |      0 |    131 |   1 |  166.0 |
          Lair |   3823 |   3799 |     24 |    481 |   2500 |   3 | 1274.3 |
       Ossuary |    716 |    716 |      0 |    429 |    154 |   1 |  716.0 |
               +--------+--------+--------+--------+--------+-----+--------+

Top non-repeatable levels by time:
     D:9: 2508 daAuts
     D:8: 2348 daAuts
    D:11: 2222 daAuts
     D:3: 2200 daAuts
  Lair:2: 2065 daAuts
     D:5: 1971 daAuts
    D:10: 1776 daAuts
     D:6: 1533 daAuts
     D:4: 1394 daAuts
  Lair:1: 1273 daAuts
     D:1: 1188 daAuts
     D:7: 915 daAuts
     D:2: 859 daAuts
 Ossuary: 716 daAuts
  Lair:3: 484 daAuts
